[ AOE2 MATCH · #508548064 ]
UnrankedMapuche vs Mongols
Player's team · LOSS
Rival team · WIN
[ REPLAY ANALYSIS · EXTRACTED FROM THE RECORDED GAME ]
Feudal
9:02
Castle
22:32
Imperial
43:17
| APM avg | 55.7 |
| APM peak | 93 |
| eAPM avg | 26.9 |
| Villagers / military | 197 / 491 |
Focus
⚔️ 46.7% · 🌾 53.3%
Spearman ×201 · Skirmisher ×175 · Bolas Rider ×66 · Battering Ram ×23 · Kona ×20 · Unknown (2550) ×17
Feudal
9:34
Castle
20:01
Imperial
40:07
| APM avg | 47.6 |
| APM peak | 81 |
| eAPM avg | 28.9 |
| Villagers / military | 203 / 442 |
Focus
⚔️ 50.0% · 🌾 50.0%
Scout Cavalry ×174 · Mangudai ×172 · Skirmisher ×32 · Mangonel ×13 · Battering Ram ×13 · Trebuchet (Packed) ×11
Match map
Initial resources + every placement click. Lines = walls · curves = elevation contours. ◆ gold · ⬟ stone · ● berries · ✦ relic · ◌ wall gap
Your base· Open — unwalled flank
DGHIR | Lukera's base· Open — unwalled flank
Smoothed initial terrain · ◌ = detected wall gap · hover for details
Inputs per minute
— Viva Cristo - - DGHIR | Lukera
Build order — Viva Cristo
First 150 of 892 actions detected
| 0:02 | Build | House |
| 0:03 | Build | House |
| 0:04 | Queue | Villager (Male) |
| 0:04 | Queue | Villager (Male) |
| 0:04 | Queue | Villager (Male) |
| 0:09 | Queue | Villager (Male) |
| 0:09 | Queue | Villager (Male) |
| 1:19 | Queue | Villager (Male) |
| 1:19 | Queue | Villager (Male) |
| 1:51 | Queue | Villager (Male) |
| 1:51 | Queue | Villager (Male) |
| 1:53 | Build | Settlement |
| 2:15 | Queue | Villager (Male) |
| 2:16 | Queue | Villager (Male) |
| 2:46 | Queue | Villager (Male) |
| 2:46 | Queue | Villager (Male) |
| 3:07 | Queue | Villager (Male) |
| 3:07 | Queue | Villager (Male) |
| 3:21 | Queue | Villager (Male) |
| 3:21 | Queue | Villager (Male) |
| 3:46 | Queue | Villager (Male) |
| 3:47 | Queue | Villager (Male) |
| 4:30 | Queue | Villager (Male) |
| 4:30 | Queue | Villager (Male) |
| 4:30 | Queue | Villager (Male) |
| 4:40 | Queue | Villager (Male) |
| 4:40 | Queue | Villager (Male) |
| 5:22 | Queue | Villager (Male) |
| 5:22 | Research | Loom |
| 6:52 | Research | Feudal Age |
| 7:14 | Build | Palisade Wall |
| 7:48 | Build | Palisade Wall |
| 8:04 | Build | Palisade Wall |
| 8:08 | Build | Palisade Wall |
| 8:11 | Build | Palisade Wall |
| 8:36 | Build | House |
| 8:39 | Build | House |
| 9:02 | Age | Feudal Age |
| 9:06 | Research | Double-Bit Axe |
| 9:09 | Queue | Villager (Male) |
| 9:09 | Queue | Villager (Male) |
| 9:21 | Build | House |
| 9:24 | Queue | Villager (Male) |
| 9:25 | Queue | Villager (Male) |
| 9:41 | Queue | Skirmisher |
| 9:42 | Queue | Skirmisher |
| 9:48 | Build | House |
| 9:51 | Queue | Villager (Male) |
| 10:08 | Build | Farm |
| 10:25 | Build | Settlement |
| 10:43 | Queue | Skirmisher |
| 10:55 | Build | Farm |
| 11:07 | Queue | Villager (Male) |
| 11:13 | Queue | Skirmisher |
| 11:15 | Queue | Skirmisher |
| 11:35 | Build | House |
| 11:52 | Queue | Villager (Male) |
| 11:52 | Queue | Villager (Male) |
| 12:09 | Build | Farm |
| 12:11 | Queue | Villager (Male) |
| 12:12 | Queue | Skirmisher |
| 12:33 | Queue | Villager (Male) |
| 12:45 | Build | Farm |
| 12:48 | Build | Farm |
| 12:57 | Queue | Villager (Male) |
| 13:13 | Build | Farm |
| 13:17 | Queue | Skirmisher |
| 13:25 | Build | Farm |
| 13:34 | Build | Farm |
| 13:35 | Build | Farm |
| 13:45 | Queue | Villager (Male) |
| 14:03 | Build | Farm |
| 14:05 | Queue | Spearman |
| 14:23 | Build | House |
| 14:35 | Build | Farm |
| 14:36 | Queue | Villager (Male) |
| 14:37 | Queue | Villager (Male) |
| 14:41 | Build | Settlement |
| 15:11 | Queue | Villager (Male) |
| 15:16 | Build | Market |
| 15:39 | Research | Horse Collar |
| 15:40 | Queue | Villager (Male) |
| 16:10 | Build | Farm |
| 16:24 | Queue | Villager (Male) |
| 16:24 | Queue | Villager (Male) |
| 16:28 | Build | Blacksmith |
| 16:34 | Build | Farm |
| 16:55 | Build | Settlement |
| 17:04 | Queue | Villager (Male) |
| 17:04 | Queue | Villager (Male) |
| 17:22 | Queue | Skirmisher |
| 17:23 | Queue | Skirmisher |
| 17:25 | Queue | Skirmisher |
| 17:26 | Queue | Villager (Male) |
| 17:33 | Build | House |
| 17:35 | Build | House |
| 17:39 | Build | House |
| 17:47 | Build | House |
| 18:01 | Queue | Skirmisher |
| 18:02 | Queue | Villager (Male) |
| 18:03 | Queue | Villager (Male) |
| 18:10 | Build | House |
| 18:12 | Build | House |
| 18:54 | Build | Barracks |
| 19:52 | Research | Castle Age |
| 20:02 | Build | Archery Range |
| 20:39 | Research | Gold Mining |
| 20:40 | Queue | Unit 2550 |
| 20:40 | Queue | Unit 2550 |
| 20:51 | Build | Archery Range |
| 21:09 | Queue | Unit 2550 |
| 21:17 | Queue | Spearman |
| 21:18 | Queue | Spearman |
| 21:41 | Queue | Spearman |
| 21:42 | Queue | Spearman |
| 21:44 | Queue | Spearman |
| 21:56 | Build | Watch Tower |
| 22:09 | Build | Archery Range |
| 22:31 | Queue | Spearman |
| 22:32 | Age | Castle Age |
| 22:33 | Queue | Bolas Rider |
| 22:34 | Queue | Bolas Rider |
| 22:34 | Queue | Bolas Rider |
| 22:35 | Research | Fletching |
| 23:03 | Queue | Bolas Rider |
| 23:13 | Queue | Spearman |
| 23:15 | Queue | Bolas Rider |
| 23:15 | Queue | Bolas Rider |
| 23:33 | Queue | Villager (Male) |
| 23:34 | Queue | Villager (Male) |
| 23:34 | Queue | Villager (Male) |
| 23:49 | Build | Siege Workshop |
| 24:14 | Queue | Bolas Rider |
| 24:15 | Queue | Bolas Rider |
| 24:32 | Queue | Villager (Male) |
| 24:33 | Queue | Villager (Male) |
| 24:33 | Queue | Bolas Rider |
| 24:40 | Queue | Villager (Male) |
| 24:40 | Queue | Villager (Male) |
| 24:44 | Queue | Scorpion |
| 24:45 | Queue | Villager (Male) |
| 24:46 | Queue | Villager (Male) |
| 24:52 | Build | Farm |
| 24:52 | Build | Farm |
| 25:10 | Queue | Battering Ram |
| 25:12 | Queue | Villager (Male) |
| 25:30 | Queue | Villager (Male) |
| 25:30 | Queue | Villager (Male) |
| 25:34 | Build | Farm |
| 25:51 | Queue | Bolas Rider |
Build order — DGHIR | Lukera
First 150 of 908 actions detected
| 0:02 | Queue | Villager (Male) |
| 0:02 | Queue | Villager (Male) |
| 0:03 | Build | House |
| 0:05 | Build | House |
| 0:19 | Queue | Villager (Male) |
| 0:19 | Queue | Villager (Male) |
| 1:26 | Queue | Villager (Male) |
| 1:55 | Build | Lumber Camp |
| 2:04 | Queue | Villager (Male) |
| 2:19 | Queue | Villager (Male) |
| 2:50 | Queue | Villager (Male) |
| 3:05 | Queue | Villager (Male) |
| 3:37 | Queue | Villager (Male) |
| 3:52 | Build | House |
| 3:53 | Queue | Villager (Male) |
| 4:15 | Queue | Villager (Male) |
| 4:31 | Build | Barracks |
| 5:02 | Queue | Villager (Male) |
| 5:05 | Build | House |
| 5:19 | Queue | Villager (Male) |
| 5:22 | Queue | Militia ×3 |
| 6:00 | Build | Mill |
| 6:03 | Build | Palisade Wall |
| 6:04 | Build | Palisade Wall |
| 6:04 | Build | Palisade Wall |
| 6:06 | Queue | Villager (Male) |
| 6:34 | Queue | Villager (Male) |
| 6:35 | Research | Loom |
| 6:38 | Build | Palisade Wall |
| 6:40 | Build | Palisade Wall |
| 7:04 | Build | Palisade Wall |
| 7:08 | Build | Palisade Wall |
| 7:18 | Research | Feudal Age |
| 7:18 | Research | Feudal Age |
| 7:28 | Build | Mining Camp |
| 7:48 | Queue | Villager (Male) |
| 7:52 | Build | House |
| 7:53 | Build | Palisade Wall |
| 8:10 | Queue | Militia |
| 8:10 | Queue | Militia |
| 8:36 | Queue | Militia |
| 9:34 | Age | Feudal Age |
| 9:35 | Build | Archery Range |
| 9:37 | Research | Man-at-Arms (upgrade) |
| 9:43 | Queue | Villager (Male) |
| 9:52 | Research | Double-Bit Axe |
| 10:16 | Build | Mill |
| 10:16 | Queue | Villager (Male) |
| 10:27 | Queue | Villager (Male) |
| 10:29 | Queue | Archer |
| 10:36 | Build | Farm |
| 10:57 | Queue | Archer |
| 11:05 | Build | Lumber Camp |
| 11:14 | Build | House |
| 11:19 | Queue | Villager (Male) |
| 11:45 | Build | Farm |
| 11:47 | Queue | Villager (Male) |
| 11:57 | Queue | Villager (Male) |
| 12:00 | Build | Farm |
| 12:36 | Queue | Villager (Male) |
| 12:39 | Build | Farm |
| 12:40 | Build | House |
| 12:43 | Queue | Villager (Male) |
| 12:47 | Build | House |
| 12:47 | Build | Palisade Wall |
| 12:48 | Build | Palisade Wall |
| 13:13 | Queue | Villager (Male) |
| 13:16 | Build | Farm |
| 13:18 | Build | Farm |
| 13:21 | Build | Farm |
| 13:22 | Build | Farm |
| 13:25 | Build | Farm |
| 13:38 | Queue | Villager (Male) |
| 13:42 | Build | Palisade Wall |
| 13:43 | Build | Palisade Wall |
| 13:44 | Queue | Archer |
| 13:45 | Queue | Archer |
| 13:52 | Queue | Villager (Male) |
| 14:04 | Build | Farm |
| 14:14 | Build | Farm |
| 14:32 | Queue | Villager (Male) |
| 14:38 | Build | Mill |
| 14:45 | Build | Watch Tower |
| 15:03 | Build | Blacksmith |
| 15:17 | Queue | Villager (Male) |
| 15:50 | Queue | Villager (Male) |
| 15:52 | Queue | Archer |
| 16:21 | Build | House |
| 16:23 | Queue | Villager (Male) |
| 16:29 | Build | Farm |
| 16:30 | Build | Farm |
| 16:32 | Build | Farm |
| 16:34 | Build | Farm |
| 16:59 | Build | Mining Camp |
| 17:21 | Research | Castle Age |
| 17:22 | Research | Castle Age |
| 17:55 | Research | Fletching |
| 18:08 | Queue | Villager (Male) |
| 18:13 | Queue | Archer |
| 18:50 | Research | Horse Collar |
| 18:54 | Build | Stable |
| 19:15 | Research | Scale Barding Armor |
| 19:17 | Research | Gold Mining |
| 19:21 | Build | Farm |
| 19:26 | Build | Farm |
| 19:27 | Build | Farm |
| 20:01 | Age | Castle Age |
| 20:04 | Queue | Steppe Lancer |
| 20:12 | Build | Siege Workshop |
| 20:17 | Research | Bodkin Arrow |
| 20:25 | Research | Bow Saw |
| 20:27 | Queue | Villager (Male) |
| 20:43 | Queue | Villager (Male) |
| 20:52 | Queue | Steppe Lancer |
| 20:55 | Queue | Mangonel |
| 21:01 | Build | House |
| 21:04 | Queue | Villager (Male) |
| 21:20 | Research | Crossbowman (upgrade) |
| 21:21 | Queue | Steppe Lancer |
| 21:21 | Queue | Steppe Lancer |
| 22:12 | Queue | Villager (Male) |
| 22:16 | Queue | Mangonel |
| 22:20 | Research | Forging |
| 22:29 | Queue | Villager (Male) |
| 22:34 | Build | Town Center |
| 23:03 | Queue | Archer |
| 23:11 | Queue | Steppe Lancer ×2 |
| 23:42 | Queue | Archer |
| 23:42 | Queue | Villager (Male) |
| 23:44 | Build | Farm |
| 23:45 | Build | Farm |
| 23:45 | Build | Farm |
| 23:45 | Build | Farm |
| 24:24 | Queue | Villager (Male) |
| 24:25 | Queue | Villager (Male) |
| 24:29 | Build | Farm |
| 24:32 | Queue | Villager (Male) |
| 25:11 | Queue | Villager (Male) |
| 25:18 | Queue | Villager (Male) |
| 25:23 | Queue | Archer |
| 25:27 | Queue | Villager (Male) |
| 25:33 | Build | Market |
| 25:37 | Queue | Villager (Male) |
| 25:41 | Build | Town Center |
| 25:43 | Queue | Villager (Male) |
| 25:50 | Queue | Archer |
| 26:01 | Queue | Villager (Male) |
| 26:01 | Queue | Villager (Male) |
| 26:05 | Queue | Villager (Male) |
| 26:11 | Research | Heavy Plow |
Match timeline
| 4:31 | DGHIR | Lukera · first_building Barracks |
| 6:03 | DGHIR | Lukera · wall_segment Palisade Wall x1 |
| 6:04 | DGHIR | Lukera · wall_segment Palisade Wall x1 |
| 6:04 | DGHIR | Lukera · wall_segment Palisade Wall x1 |
| 6:38 | DGHIR | Lukera · wall_segment Palisade Wall x1 |
| 6:40 | DGHIR | Lukera · wall_segment Palisade Wall x1 |
| 7:04 | DGHIR | Lukera · wall_segment Palisade Wall x1 |
| 7:08 | DGHIR | Lukera · wall_segment Palisade Wall x1 |
| 7:14 | Viva Cristo · wall_segment Palisade Wall x13 |
| 7:48 | Viva Cristo · wall_segment Palisade Wall x1 |
| 7:53 | DGHIR | Lukera · wall_segment Palisade Wall x1 |
| 8:04 | Viva Cristo · wall_segment Palisade Wall x7 |
| 8:08 | Viva Cristo · wall_segment Palisade Wall x1 |
| 8:11 | Viva Cristo · wall_segment Palisade Wall x2 |
| 9:02 | Viva Cristo · age_up feudal |
| 9:34 | DGHIR | Lukera · age_up feudal |
| 9:35 | DGHIR | Lukera · first_building Archery Range |
| 12:47 | DGHIR | Lukera · wall_segment Palisade Wall x1 |
| 12:48 | DGHIR | Lukera · wall_segment Palisade Wall x6 |
| 13:42 | DGHIR | Lukera · wall_segment Palisade Wall x1 |
| 13:43 | DGHIR | Lukera · wall_segment Palisade Wall x7 |
| 17:03 | Viva Cristo · first_market_buy 100 food |
| 18:54 | DGHIR | Lukera · first_building Stable |
| 18:54 | Viva Cristo · first_building Barracks |
| 19:51 | Viva Cristo · first_market_sell 100 wood |
| 20:01 | DGHIR | Lukera · age_up castle |
| 20:02 | Viva Cristo · first_building Archery Range |
| 20:12 | DGHIR | Lukera · first_building Siege Workshop |
| 22:32 | Viva Cristo · age_up castle |
| 23:49 | Viva Cristo · first_building Siege Workshop |
| 26:08 | DGHIR | Lukera · first_market_buy 100 food |
| 28:54 | DGHIR | Lukera · wall_segment Stone Wall x1 |
| 28:56 | DGHIR | Lukera · wall_segment Stone Wall x5 |
| 29:41 | DGHIR | Lukera · wall_segment Stone Wall x10 |
| 34:16 | DGHIR | Lukera · first_building Castle |
| 36:35 | DGHIR | Lukera · first_market_sell 500 wood |
| 39:24 | Viva Cristo · first_building Castle |
| 40:07 | DGHIR | Lukera · age_up imperial |
| 43:17 | Viva Cristo · age_up imperial |
| 45:17 | DGHIR | Lukera · wall_segment Stone Wall x3 |
| 55:06 | DGHIR | Lukera · first_building Monastery |
| 75:04 | Viva Cristo · resign |
[ AI ANALYSIS · 1 CREDIT ]
What really happened in this match?
Wolo.gg analyzes every decision: build order, eco, micro, common mistakes by bracket. Personalized analysis on WhatsApp or Discord in 30 seconds.
Civ guide
Mapuche
Perfil
Jugador #12249507